General information
- name: BNet
- type: Ladder team game (AT/RT)
- host: Battle.net
- saver: BEAR_AND
map: SunrockCove
- players: 6
- length: 95:18
- speed: Fast
- version: 1.21 W3XP
- replay type:

» download(540 KB)
Players
team 1 (loser)
airack (
blue | 61 APM | 4331 actions | 71:32)
6 Shadow Hunter
2 Serpent Ward
3 Hex
1 Big Bad Voodoo
» actions
| Assign group hotkey | 46 | |
| Basic commands | 383 | |
| Build / train | 77 | |
| Enter build submenu | 39 | |
| Enter hero's abilities submenu | 6 | |
| Remove unit from queue | 4 | |
| Right click | 1208 | |
| Select / deselect | 447 | |
| Select group hotkey | 1874 | |
| Use ability | 247 | |
4331 total
» units
| Peon | 14 | |
| Grunt | 4 | |
| Troll Batrider | 14 | |
| Wind Rider | 2 | |
| Troll Witch Doctor | 4 | |
| Demolisher | 7 | |
| Raider | 5 | |
50 total
» upgrades
| Reinforced Defenses | 1 | |
| Witch Doctor Training | 2 | |
| Liquid Fire | 1 | |
| Ensnare | 1 | |
| Armor | 1 | |
6 total
» buildings
| Altar of Storms | 1 | |
| Orc Burrow | 10 | |
| Barracks | 2 | |
| War Mill | 1 | |
| Voodoo Lounge | 1 | |
| Watch Tower | 11 | |
| Stronghold | 1 | |
| Beastiary | 2 | |
| Spirit Lodge | 1 | |
| Fortress | 1 | |
| Great Hall | 4 | |
35 total
» build order
00:13 Altar of Storms
00:24 Orc Burrow
00:58 Barracks
01:40 War Mill
01:49 Voodoo Lounge
02:07 Orc Burrow
03:09 Watch Tower
03:30 Orc Burrow
04:17 Orc Burrow
04:57 Stronghold
07:18 Watch Tower
07:24 Beastiary
07:29 Beastiary
08:16 Watch Tower
08:20 Watch Tower
08:27 Watch Tower
08:41 Orc Burrow
09:30 Spirit Lodge
10:28 Fortress
11:37 Watch Tower
12:06 Orc Burrow
12:50 Watch Tower
16:52 Orc Burrow
19:01 Barracks
20:34 Great Hall
20:55 Watch Tower
21:28 Watch Tower
26:09 Watch Tower
27:21 Watch Tower
32:55 Orc Burrow
33:00 Orc Burrow
45:28 Orc Burrow
59:20 Great Hall
63:28 Great Hall
65:18 Great Hall
» items
| Healing Salve | 2 | |
| Lesser Clarity Potion | 1 | |
| Scroll of Speed | 1 | |
| Scroll of Town Portal | 3 | |
| Orb of Lightning | 1 | |
8 total

»
humptasti (
green | 40 APM | 3794 actions | 95:17)
6 Far Seer
1 Feral Spirit
2 Chain Lighting
2 Far Sight
1 Earth Quake
6 Shadow Hunter
3 Hex
2 Healing Wave
1 Serpent Ward
5 Tauren Chieftain
3 Endurance Aura
2 War Stomp
» actions
| Assign group hotkey | 74 | |
| Basic commands | 65 | |
| Build / train | 88 | |
| ESC pressed | 2 | |
| Enter build submenu | 29 | |
| Enter hero's abilities submenu | 17 | |
| Give item / drop item | 4 | |
| Right click | 1639 | |
| Select / deselect | 570 | |
| Select group hotkey | 1056 | |
| Use ability | 249 | |
3794 total
» units
| Peon | 13 | |
| Grunt | 8 | |
| Troll Batrider | 27 | |
| Goblin Zeppelin | 1 | |
| Wind Rider | 4 | |
53 total
» upgrades
| Armor | 3 | |
| Pillage | 1 | |
| Liquid Fire | 1 | |
| Ranged Weapons | 3 | |
| Envenomed Spears | 1 | |
| Ensnare | 1 | |
10 total
» buildings
| Barracks | 1 | |
| Orc Burrow | 10 | |
| Altar of Storms | 1 | |
| War Mill | 1 | |
| Voodoo Lounge | 2 | |
| Stronghold | 1 | |
| Watch Tower | 9 | |
| Beastiary | 3 | |
| Fortress | 1 | |
| Great Hall | 1 | |
30 total
» build order
00:17 Barracks
00:24 Orc Burrow
00:38 Altar of Storms
01:37 Orc Burrow
01:41 Orc Burrow
02:46 Orc Burrow
04:40 Orc Burrow
05:21 Orc Burrow
05:25 War Mill
05:29 Voodoo Lounge
05:32 Voodoo Lounge
05:55 Stronghold
06:40 Watch Tower
06:43 Watch Tower
07:18 Watch Tower
07:42 Orc Burrow
08:31 Beastiary
08:36 Beastiary
08:58 Watch Tower
09:59 Watch Tower
11:07 Orc Burrow
11:13 Orc Burrow
11:26 Fortress
12:56 Watch Tower
14:44 Watch Tower
21:17 Great Hall
30:29 Beastiary
38:24 Orc Burrow
39:37 Watch Tower
39:38 Watch Tower
» items
| Orb of Lightning | 1 | |
| Scroll of Town Portal | 1 | |
2 total

»
Saris (
yellow | 46 APM | 4370 actions | 95:17)
7 Death Knight
3 Death Coil
3 Unholy Aura
1 Animate Dead
7 Lich
3 Frost Nova
3 Dark Ritual
1 Death and Decay
» actions
| Assign group hotkey | 54 | |
| Basic commands | 32 | |
| Build / train | 130 | |
| ESC pressed | 1 | |
| Enter build submenu | 44 | |
| Enter hero's abilities submenu | 14 | |
| Give item / drop item | 5 | |
| Remove unit from queue | 3 | |
| Right click | 1886 | |
| Select / deselect | 720 | |
| Select group hotkey | 1194 | |
| Use ability | 287 | |
4370 total
» units
| Acolyte | 14 | |
| Ghoul | 6 | |
| Crypt Fiend | 7 | |
| Frost Wyrm | 17 | |
| Goblin Zeppelin | 1 | |
| Peon | 4 | |
| Troll Batrider | 10 | |
59 total
» upgrades
| Creature Attack | 3 | |
| Web | 1 | |
| Creature Carapace | 3 | |
| Freezing Breath | 1 | |
8 total
» buildings
| Crypt | 1 | |
| Ziggurat | 20 | |
| Altar of Darkness | 2 | |
| Tomb of Relics | 2 | |
| Graveyard | 1 | |
| Halls of the Dead | 5 | |
| Nerubian Tower | 5 | |
| Spirit Tower | 15 | |
| Black Citadel | 3 | |
| Sacrificial Pit | 1 | |
| Boneyard | 4 | |
| Necropolis | 1 | |
| Orc Burrow | 4 | |
64 total
» build order
00:06 Crypt
00:09 Ziggurat
00:33 Altar of Darkness
00:36 Altar of Darkness
00:51 Tomb of Relics
01:30 Ziggurat
02:14 Ziggurat
03:01 Graveyard
04:00 Halls of the Dead
04:01 Halls of the Dead
05:04 Nerubian Tower
05:39 Ziggurat
07:26 Ziggurat
07:29 Ziggurat
07:30 Ziggurat
07:55 Spirit Tower
07:55 Spirit Tower
08:32 Black Citadel
08:38 Nerubian Tower
08:40 Spirit Tower
09:28 Sacrificial Pit
11:28 Boneyard
11:31 Spirit Tower
11:31 Spirit Tower
11:34 Boneyard
11:40 Ziggurat
13:04 Spirit Tower
13:04 Spirit Tower
14:46 Ziggurat
14:48 Ziggurat
16:20 Ziggurat
16:21 Ziggurat
16:24 Ziggurat
17:21 Spirit Tower
22:28 Necropolis
22:40 Ziggurat
22:42 Ziggurat
22:45 Ziggurat
23:37 Spirit Tower
23:37 Spirit Tower
24:21 Ziggurat
24:25 Spirit Tower
24:25 Spirit Tower
24:25 Spirit Tower
28:36 Nerubian Tower
28:36 Nerubian Tower
36:19 Halls of the Dead
36:20 Halls of the Dead
36:23 Tomb of Relics
38:44 Black Citadel
38:44 Black Citadel
48:55 Boneyard
48:56 Boneyard
60:46 Ziggurat
60:55 Ziggurat
61:03 Ziggurat
79:41 Orc Burrow
80:41 Orc Burrow
82:36 Orc Burrow
84:21 Orc Burrow
» items
| Dust of Appearance | 3 | |
| Potion of Lesser Invulnerability | 1 | |
| Scroll of Healing | 2 | |
| Orb of Corruption | 1 | |
| Sacrificial Skull | 1 | |
| Scroll of Town Portal | 5 | |
13 total
team 2 (winner)
BEAR_AND (
orange | 81 APM | 7701 actions | 95:18)
10 Blademaster
3 Wind Walk
3 Critical Strike
1 Bladestorm
3 Mirror Image
» actions
| Assign group hotkey | 21 | |
| Basic commands | 66 | |
| Build / train | 123 | |
| Enter build submenu | 78 | |
| Enter hero's abilities submenu | 11 | |
| Give item / drop item | 15 | |
| Remove unit from queue | 1 | |
| Right click | 4855 | |
| Select / deselect | 932 | |
| Select group hotkey | 1203 | |
| Use ability | 393 | |
7701 total
» units
| Peon | 14 | |
| Troll Batrider | 55 | |
| Goblin Zeppelin | 2 | |
71 total
» upgrades
| Spiked Barricades | 1 | |
| Ranged Weapons | 3 | |
| Armor | 3 | |
| Liquid Fire | 1 | |
| Reinforced Defenses | 1 | |
9 total
» buildings
| Altar of Storms | 2 | |
| War Mill | 4 | |
| Orc Burrow | 11 | |
| Watch Tower | 45 | |
| Voodoo Lounge | 2 | |
| Stronghold | 1 | |
| Beastiary | 6 | |
| Fortress | 1 | |
| Great Hall | 1 | |
73 total
» build order
00:07 Altar of Storms
00:13 War Mill
00:29 Orc Burrow
01:48 Watch Tower
01:52 Watch Tower
02:28 Voodoo Lounge
02:51 Watch Tower
02:53 Watch Tower
03:31 Stronghold
03:38 Orc Burrow
04:04 Watch Tower
04:04 Watch Tower
05:25 Watch Tower
05:26 Watch Tower
05:54 Beastiary
06:22 Beastiary
06:36 Watch Tower
06:37 Watch Tower
07:51 Watch Tower
07:52 Watch Tower
08:04 Watch Tower
08:09 Watch Tower
08:26 Orc Burrow
09:19 Orc Burrow
10:15 Fortress
11:14 Watch Tower
11:15 Watch Tower
11:16 Watch Tower
16:00 Watch Tower
19:13 Watch Tower
20:49 Watch Tower
20:50 Watch Tower
20:50 Watch Tower
20:51 Watch Tower
20:52 Watch Tower
20:53 Watch Tower
20:54 Watch Tower
21:53 Watch Tower
21:54 Watch Tower
21:54 Watch Tower
21:55 Watch Tower
21:56 Watch Tower
21:57 Watch Tower
21:58 Watch Tower
21:59 Watch Tower
22:29 Great Hall
22:33 Watch Tower
22:35 Watch Tower
22:36 Watch Tower
23:50 Watch Tower
23:51 Watch Tower
23:52 Watch Tower
23:52 Watch Tower
23:53 Watch Tower
23:54 Watch Tower
30:15 War Mill
40:04 Beastiary
40:06 Beastiary
41:32 Orc Burrow
44:53 Beastiary
44:55 Beastiary
44:58 War Mill
45:05 Watch Tower
45:06 Watch Tower
45:45 War Mill
46:01 Orc Burrow
53:16 Orc Burrow
54:21 Orc Burrow
70:35 Orc Burrow
70:39 Orc Burrow
70:46 Orc Burrow
77:09 Voodoo Lounge
84:42 Altar of Storms
» items
| Lesser Clarity Potion | 10 | |
| Healing Salve | 6 | |
| Boots of Speed | 1 | |
| Staff of Teleportation | 2 | |
| Scroll of Town Portal | 7 | |
| Orb of Lightning | 1 | |
27 total
bLinn (
purple | 84 APM | 7965 actions | 95:17)
9 Warden
3 Shadow Strike
3 Blink
1 Spirit of Vengeance
2 Fan of Knives
3 Pit Lord
2 Howl of Terror
1 Rain of Fire
» actions
| Assign group hotkey | 478 | |
| Basic commands | 19 | |
| Build / train | 134 | |
| ESC pressed | 1 | |
| Enter build submenu | 44 | |
| Enter hero's abilities submenu | 13 | |
| Give item / drop item | 3 | |
| Remove unit from queue | 9 | |
| Right click | 4697 | |
| Select / deselect | 795 | |
| Select group hotkey | 1352 | |
| Use ability | 419 | |
7965 total
» units
| Wisp | 29 | |
| Chimaera | 16 | |
| Goblin Zeppelin | 1 | |
| Hippogryph | 12 | |
58 total
» upgrades
| Well Spring | 1 | |
| Reinforced Hides | 3 | |
| Corrosive Breath | 1 | |
| Strength of the Wild | 3 | |
| Ultravision | 1 | |
| Nature's Blessing | 1 | |
| Strength of the Moon | 1 | |
11 total
» buildings
| Altar of Elders | 2 | |
| Moon Well | 20 | |
| Tree of Ages | 5 | |
| Ancient of Wonders | 2 | |
| Ancient of Wind | 2 | |
| Tree of Life | 3 | |
| Tree of Eternity | 4 | |
| Hunter's Hall | 2 | |
| Chimaera Roost | 3 | |
43 total
» build order
00:02 Altar of Elders
00:17 Moon Well
01:28 Moon Well
03:49 Tree of Ages
03:50 Tree of Ages
03:50 Tree of Ages
05:39 Moon Well
05:56 Ancient of Wonders
06:28 Ancient of Wind
06:37 Ancient of Wonders
07:47 Tree of Life
08:10 Tree of Eternity
08:10 Tree of Eternity
08:11 Tree of Eternity
10:01 Moon Well
10:03 Moon Well
10:24 Hunter's Hall
11:37 Chimaera Roost
11:38 Chimaera Roost
15:46 Tree of Life
21:57 Moon Well
21:59 Moon Well
39:05 Tree of Life
59:23 Altar of Elders
59:31 Moon Well
59:32 Moon Well
59:33 Moon Well
60:35 Moon Well
69:01 Tree of Ages
69:01 Tree of Ages
71:57 Tree of Eternity
77:50 Ancient of Wind
77:59 Moon Well
78:00 Moon Well
78:02 Moon Well
78:04 Moon Well
78:06 Moon Well
78:12 Moon Well
78:13 Moon Well
79:13 Chimaera Roost
81:02 Hunter's Hall
85:13 Moon Well
85:15 Moon Well
» items
| Boots of Speed | 1 | |
| Orb of Venom | 5 | |
| Potion of Healing | 2 | |
| Scroll of Town Portal | 7 | |
| Staff of Preservation | 1 | |
| Scroll of Regeneration | 1 | |
17 total
TIMG4STRok (
teal | 54 APM | 5164 actions | 95:17)
5 Archmage
3 Blizzard
2 Brilliance Aura
5 Mountain King
3 Storm Bolt
2 Bash
» actions
| Assign group hotkey | 15 | |
| Basic commands | 57 | |
| Build / train | 178 | |
| ESC pressed | 3 | |
| Enter build submenu | 123 | |
| Enter hero's abilities submenu | 10 | |
| Give item / drop item | 13 | |
| Right click | 2384 | |
| Select / deselect | 577 | |
| Select group hotkey | 1165 | |
| Use ability | 638 | |
5164 total
» units
| Peasant | 16 | |
| Goblin Zeppelin | 2 | |
| Dragonhawk Rider | 24 | |
| Goblin Shredder | 1 | |
43 total
» upgrades
| Masonry | 3 | |
| Magic Sentry | 1 | |
| Lumber Harvesting | 2 | |
| Armor | 3 | |
| Swords | 3 | |
| Animal War Training | 1 | |
| Sorceress Training | 1 | |
| Cloud | 1 | |
| Backpack | 1 | |
16 total
» buildings
| Altar of Kings | 2 | |
| Lumber Mill | 2 | |
| Farm | 22 | |
| Scout Tower | 251 | |
| Arcane Tower | 8 | |
| Guard Tower | 72 | |
| Town Hall | 2 | |
| Keep | 3 | |
| Arcane Vault | 4 | |
| Arcane Sanctum | 1 | |
| Blacksmith | 1 | |
| Castle | 1 | |
| Barracks | 1 | |
| Gryphon Aviary | 2 | |
372 total
» build order
00:12 Altar of Kings
00:19 Lumber Mill
00:24 Farm
00:56 Scout Tower
01:04 Scout Tower
01:09 Farm
01:25 Arcane Tower
01:27 Scout Tower
01:48 Arcane Tower
01:48 Arcane Tower
01:48 Arcane Tower
02:03 Scout Tower
02:42 Guard Tower
02:49 Scout Tower
02:50 Scout Tower
02:58 Scout Tower
02:59 Scout Tower
03:48 Scout Tower
03:50 Guard Tower
03:55 Guard Tower
03:57 Scout Tower
03:58 Scout Tower
04:19 Scout Tower
04:22 Scout Tower
04:23 Farm
04:24 Farm
04:25 Farm
04:45 Guard Tower
04:50 Guard Tower
04:53 Scout Tower
04:57 Guard Tower
05:00 Scout Tower
05:02 Scout Tower
05:04 Scout Tower
05:05 Scout Tower
05:31 Town Hall
05:35 Scout Tower
05:35 Scout Tower
05:36 Scout Tower
05:37 Scout Tower
05:39 Scout Tower
05:39 Scout Tower
05:47 Scout Tower
05:48 Scout Tower
05:49 Scout Tower
05:52 Scout Tower
06:16 Guard Tower
06:20 Guard Tower
06:28 Guard Tower
06:44 Keep
06:44 Keep
06:47 Guard Tower
07:03 Guard Tower
07:32 Guard Tower
07:59 Scout Tower
08:00 Scout Tower
08:01 Scout Tower
08:05 Scout Tower
08:06 Scout Tower
08:10 Arcane Vault
08:11 Arcane Vault
08:16 Scout Tower
08:21 Scout Tower
08:22 Scout Tower
08:22 Scout Tower
08:23 Scout Tower
08:39 Guard Tower
08:43 Guard Tower
09:10 Guard Tower
09:13 Arcane Sanctum
09:19 Blacksmith
09:28 Guard Tower
10:33 Scout Tower
10:34 Scout Tower
10:35 Scout Tower
10:36 Scout Tower
10:37 Scout Tower
10:51 Scout Tower
10:52 Scout Tower
10:57 Scout Tower
10:59 Scout Tower
11:00 Scout Tower
11:01 Scout Tower
11:09 Scout Tower
11:13 Scout Tower
11:17 Scout Tower
11:24 Scout Tower
11:25 Scout Tower
11:31 Scout Tower
11:35 Scout Tower
11:38 Scout Tower
11:41 Arcane Tower
11:45 Guard Tower
11:47 Guard Tower
11:52 Guard Tower
12:00 Scout Tower
12:00 Scout Tower
12:16 Castle
12:19 Guard Tower
13:31 Guard Tower
13:37 Scout Tower
14:54 Scout Tower
14:54 Scout Tower
14:55 Scout Tower
15:06 Scout Tower
15:07 Scout Tower
15:11 Scout Tower
15:13 Scout Tower
15:14 Scout Tower
15:15 Scout Tower
15:15 Scout Tower
15:31 Guard Tower
15:35 Guard Tower
15:40 Guard Tower
15:44 Scout Tower
15:45 Scout Tower
15:45 Scout Tower
15:46 Scout Tower
15:47 Scout Tower
15:58 Scout Tower
16:00 Scout Tower
16:00 Scout Tower
16:03 Scout Tower
16:04 Scout Tower
16:05 Scout Tower
16:06 Scout Tower
16:06 Scout Tower
16:07 Scout Tower
16:08 Scout Tower
16:09 Scout Tower
16:17 Guard Tower
16:23 Guard Tower
16:30 Arcane Tower
16:31 Guard Tower
17:21 Arcane Tower
17:22 Guard Tower
19:01 Scout Tower
19:03 Scout Tower
19:05 Scout Tower
19:07 Scout Tower
19:08 Scout Tower
19:08 Scout Tower
19:14 Scout Tower
19:17 Scout Tower
19:17 Scout Tower
19:18 Scout Tower
19:18 Scout Tower
19:19 Scout Tower
19:20 Scout Tower
19:26 Guard Tower
19:29 Guard Tower
20:09 Guard Tower
20:58 Guard Tower
21:28 Guard Tower
21:49 Guard Tower
22:00 Barracks
23:10 Guard Tower
23:17 Town Hall
23:22 Scout Tower
23:23 Scout Tower
23:24 Scout Tower
23:25 Scout Tower
23:26 Scout Tower
23:27 Scout Tower
23:28 Scout Tower
23:28 Scout Tower
23:30 Scout Tower
23:31 Scout Tower
23:33 Scout Tower
23:34 Scout Tower
23:34 Scout Tower
23:35 Scout Tower
23:36 Scout Tower
23:37 Scout Tower
23:38 Scout Tower
23:39 Scout Tower
23:40 Scout Tower
23:41 Scout Tower
23:54 Guard Tower
23:57 Guard Tower
24:19 Guard Tower
24:24 Scout Tower
24:25 Scout Tower
24:26 Scout Tower
24:29 Scout Tower
24:31 Scout Tower
24:32 Scout Tower
24:54 Guard Tower
25:29 Guard Tower
25:32 Guard Tower
26:00 Guard Tower
26:13 Guard Tower
27:35 Scout Tower
27:36 Scout Tower
27:38 Scout Tower
27:39 Scout Tower
27:40 Scout Tower
27:42 Scout Tower
27:52 Gryphon Aviary
27:53 Gryphon Aviary
28:35 Guard Tower
28:37 Scout Tower
28:39 Scout Tower
28:40 Scout Tower
28:42 Scout Tower
28:43 Scout Tower
28:44 Scout Tower
28:47 Scout Tower
28:48 Scout Tower
28:49 Scout Tower
28:50 Scout Tower
28:51 Scout Tower
28:55 Scout Tower
28:55 Scout Tower
28:58 Scout Tower
28:59 Scout Tower
29:00 Scout Tower
29:01 Scout Tower
29:03 Scout Tower
29:05 Scout Tower
29:06 Scout Tower
29:07 Scout Tower
29:30 Guard Tower
29:42 Arcane Vault
29:53 Scout Tower
29:54 Scout Tower
29:55 Scout Tower
29:56 Scout Tower
29:57 Scout Tower
29:58 Scout Tower
29:59 Scout Tower
30:02 Guard Tower
30:05 Scout Tower
30:06 Scout Tower
30:07 Scout Tower
30:08 Scout Tower
30:10 Scout Tower
30:10 Scout Tower
30:11 Scout Tower
30:12 Scout Tower
30:13 Scout Tower
30:15 Scout Tower
30:29 Guard Tower
31:24 Guard Tower
31:26 Guard Tower
32:28 Guard Tower
33:06 Guard Tower
33:08 Scout Tower
33:09 Scout Tower
33:10 Scout Tower
33:11 Scout Tower
33:12 Scout Tower
33:14 Scout Tower
33:17 Scout Tower
33:19 Scout Tower
33:20 Scout Tower
33:22 Scout Tower
33:23 Scout Tower
33:24 Scout Tower
33:25 Scout Tower
33:27 Scout Tower
33:30 Scout Tower
33:31 Scout Tower
34:33 Scout Tower
34:34 Scout Tower
34:35 Scout Tower
34:36 Scout Tower
34:38 Scout Tower
34:39 Scout Tower
34:46 Scout Tower
34:47 Scout Tower
34:48 Scout Tower
34:49 Scout Tower
34:50 Scout Tower
34:51 Scout Tower
34:52 Scout Tower
34:54 Scout Tower
34:55 Scout Tower
34:56 Scout Tower
34:57 Scout Tower
34:58 Scout Tower
34:59 Scout Tower
34:59 Scout Tower
35:01 Scout Tower
35:02 Scout Tower
35:03 Scout Tower
35:06 Scout Tower
35:29 Guard Tower
35:33 Guard Tower
35:42 Guard Tower
36:00 Guard Tower
36:03 Scout Tower
36:04 Scout Tower
36:05 Scout Tower
36:06 Scout Tower
36:08 Scout Tower
36:11 Scout Tower
36:19 Guard Tower
36:21 Guard Tower
37:27 Guard Tower
37:29 Guard Tower
37:32 Scout Tower
37:33 Scout Tower
37:38 Guard Tower
38:45 Arcane Vault
38:49 Scout Tower
38:51 Scout Tower
38:51 Scout Tower
38:52 Scout Tower
38:53 Scout Tower
38:53 Scout Tower
38:54 Scout Tower
38:55 Scout Tower
38:56 Scout Tower
38:57 Scout Tower
38:57 Scout Tower
38:58 Scout Tower
39:04 Scout Tower
39:05 Scout Tower
39:06 Scout Tower
39:07 Scout Tower
39:08 Scout Tower
39:10 Scout Tower
39:11 Scout Tower
39:11 Scout Tower
39:15 Scout Tower
39:15 Scout Tower
39:18 Scout Tower
39:19 Scout Tower
39:23 Guard Tower
39:43 Guard Tower
39:49 Guard Tower
40:27 Guard Tower
42:56 Guard Tower
43:00 Guard Tower
43:06 Scout Tower
43:06 Scout Tower
43:07 Scout Tower
43:10 Scout Tower
43:11 Scout Tower
43:12 Scout Tower
43:13 Scout Tower
43:15 Scout Tower
43:16 Scout Tower
43:18 Scout Tower
43:22 Lumber Mill
44:10 Guard Tower
44:12 Guard Tower
44:57 Guard Tower
45:15 Guard Tower
45:18 Guard Tower
51:13 Guard Tower
52:40 Altar of Kings
53:45 Farm
53:46 Farm
53:47 Farm
53:48 Farm
53:49 Farm
58:13 Farm
58:13 Farm
62:16 Keep
70:02 Farm
70:03 Farm
70:04 Farm
70:04 Farm
70:11 Farm
70:20 Farm
70:21 Farm
70:22 Farm
70:22 Farm
70:23 Farm
» items
| Boots of Speed | 5 | |
| Scroll of Regeneration | 7 | |
| Lesser Clarity Potion | 1 | |
| Staff of Teleportation | 2 | |
| Staff of Sanctuary | 2 | |
| Scroll of Town Portal | 4 | |
| Orb of Venom | 2 | |
23 total
Chat log
(00:30 / All) TIMG4STRok: stop fighting
(20:33 / All) BEAR_AND: Owned
(27:11 / All) TIMG4STRok: listen bitch
(27:15 / All) Saris: stfu and lose
(27:21 / All) TIMG4STRok: LAUGH
(29:44 / All) TIMG4STRok: laugh @ that
(32:46 / All) BEAR_AND: nice work
(34:03 / All) BEAR_AND: lmao
(44:51 / All) TIMG4STRok: worth it???
(46:42 / All) TIMG4STRok: POPPA
(46:59 / All) TIMG4STRok: SUCKAAAAA
(50:06 / All) TIMG4STRok: sotp fighting
(50:09 / All) BEAR_AND: now
(50:37 / All) BEAR_AND: level 7 ..... im in heaven
(50:57 / All) TIMG4STRok: suck on yon dick
(52:50 / All) TIMG4STRok: the cream of clapten
(52:52 / All) bLinn: wud u kno my name?
(53:11 / All) TIMG4STRok: i <3 it when u call me big poppa...
(53:34 / All) TIMG4STRok: how u guise enojoiung 3 masonry
(56:46 / All) TIMG4STRok: u lose good day Sir.
(57:47 / All) bLinn: fuck.. our last base
(59:51 / All) BEAR_AND: lol & lmaO!!!!!!!!!!!!!!!!!!!!!
(61:16 / All) bLinn: fuck.. my last tree of eternity
(62:02 / All) BEAR_AND: u miss
(62:11 / All) TIMG4STRok: BLAMMO
(62:27 / All) BEAR_AND: TGFT
(63:52 / All) TIMG4STRok: pwnage......extremely
(63:53 / All) BEAR_AND: why run
(64:05 / All) BEAR_AND: embrace your doem
(64:10 / All) TIMG4STRok: m,anm,....if i suckered so bad at a Vidoe game i'd probably off myself....with my mom's medicine...yeah
(65:08 / All) BEAR_AND: peace
(65:17 / All) TIMG4STRok: *punch alien face* welcome to earf
(66:53 / All) TIMG4STRok: i beseech upon thee, quell thine slaying of mine tower.s
(67:09 / All) TIMG4STRok: stop the game
(67:19 / All) TIMG4STRok: stop i command you
(68:27 / All) bLinn: AirWolf
(68:28 / All) BEAR_AND: "air.....ack.......all i got is grunts"
(69:09 / All) TIMG4STRok: FORE!!!
(69:17 / All) TIMG4STRok: shoots golfball into your cereal bowl*
(70:51 / All) TIMG4STRok: A vast
(71:28 / All) TIMG4STRok: *cackle, shackle*
(71:32 / All) bLinn: plugger child
(75:20 / All) BEAR_AND: u guys are Rotten Noobs
(75:22 / All) BEAR_AND: quit noobs
(75:27 / All) BEAR_AND: shit noobs
(75:31 / All) humptasti: nah this is fun
(75:33 / All) BEAR_AND: i spit, noobs
(86:01 / All) BEAR_AND: aha noobs
(86:15 / All) BEAR_AND: owned?
(89:58 / Allies) BEAR_AND: abbatoir
(90:04 / Allies) bLinn: avator
(90:58 / All) BEAR_AND: lmfao
(92:11 / Allies) BEAR_AND: with psilence
(93:45 / All) BEAR_AND: owned.......?
(94:01 / All) humptasti: have fun?
(94:03 / All) BEAR_AND: leave?
(94:07 / All) bLinn: nah
(94:09 / All) bLinn: game was too easy
(94:11 / All) bLinn: prefer a challenge
(94:14 / All) BEAR_AND: noobs too bad to enjoy
(94:33 / All) humptasti: ya thats wat we were sayin bout u guys
(94:34 / All) BEAR_AND: love, peace,,,, and grease
(94:38 / All) BEAR_AND: as u lost to us?
(94:41 / All) BEAR_AND: really ?
(94:43 / All) BEAR_AND: that's what you said?
(94:47 / All) humptasti: yep
(94:51 / All) BEAR_AND: then u are retart
(94:57 / All) bLinn: i can taste the irony upon a spoon
(95:13 / All) BEAR_AND: thicker than the discharge ur mother carried after i gave ehr Syphilis